 Dungeon Crawl Stone Soup version 0.30.0 (webtiles) character file.

Game seed: 3784395747195032573

170 Ayyar the Caller (level 5, -1/37 HPs)
             Began as a Gnoll Summoner on May 14, 2023.
             Slain by Terence
             ... wielding a +4 heavy flail
              (11 damage)
             ... on level 2 of the Dungeon on May 15, 2023.
             The game lasted 00:07:53 (1522 turns).

Ayyar the Caller (Gnoll Summoner)                   Turns: 1522, Time: 00:07:53

Health: -1/37      AC:  4    Str:  9    XL:     5   Next: 51%
Magic:  7/12       EV: 13    Int: 15    God:
Gold:   70         SH:  0    Dex: 12    Spells: 11/14 levels left

rFire   . . .        d - +0 short sword
rCold   . . .        (no shield)
rNeg    . . .        a - +0 robe
rPois   .            i - +0 helmet
rElec   .            (no cloak)
rCorr   .            n - +0 pair of gloves
SInv    .            (no boots)
Will    .....        (no amulet)
Stlth   +++          (no ring)
HPRegen 0.26/turn    (no ring)
MPRegen 0.13/turn

%: no passive effects
@: no status effects
A: fangs 1, strong nose, distributed training
a: no special abilities


You were on level 2 of the Dungeon.
You visited 1 branch of the dungeon, and saw 2 of its levels.

You collected 70 gold pieces.

Inventory:

Hand Weapons
 d - a +0 short sword (weapon)
Armour
 a - a +0 robe (worn)
 i - a +0 helmet (worn)
 n - a +0 pair of gloves (worn)
Magical Staves
 h - a staff of conjuration
Wands
 j - a wand of iceblast (12)
Scrolls
 c - a scroll of brand weapon {unknown}
 e - 2 scrolls of noise {unknown}
 f - 4 scrolls of identify {unknown}
 g - a scroll of vulnerability {unknown}
 l - a scroll of fear {unknown}
 m - 2 scrolls of enchant armour {unknown}
 p - a scroll of silence {unknown}
Potions
 b - 2 potions of magic
 k - a potion of mutation {unknown}
 o - 2 potions of curing {unknown}


   Skills:
 + Level 1.6 Fighting
 + Level 1.6 Short Blades
 + Level 1.6 Long Blades
 + Level 1.6 Axes
 + Level 1.6 Maces & Flails
 + Level 1.6 Polearms
 + Level 1.6 Staves
 + Level 1.6 Ranged Weapons
 + Level 1.6 Throwing
 + Level 1.6 Armour
 + Level 4.8 Dodging
 + Level 4.4 Stealth
 + Level 1.6 Shields
 + Level 1.6 Unarmed Combat
 + Level 5.2 Spellcasting
 + Level 1.2 Conjurations
 + Level 1.2 Hexes
 + Level 7.2 Summonings
 + Level 1.2 Necromancy
 + Level 1.2 Translocations
 + Level 1.2 Transmutations
 + Level 1.2 Fire Magic
 + Level 1.2 Ice Magic
 + Level 1.2 Air Magic
 + Level 1.2 Earth Magic
 + Level 1.2 Poison Magic
 + Level 1.8 Invocations
 + Level 1.6 Evocations


You had 11 spell levels left.
You knew the following spells:

 Your Spells              Type           Power      Damage    Failure   Level
a - Summon Small Mammal   Summ           100%       N/A       1%          1
b - Call Imp              Summ           50%        N/A       1%          2

Your spell library contained the following spells:

 Spells                   Type           Power      Damage    Failure   Level
 Call Canine Familiar     Summ           25%        N/A       2%          3
 Summon Guardian Golem    Hex/Summ       16%        N/A       9%          3
 Blink                    Tloc           14%        N/A       14%         2
 Lesser Beckoning         Tloc           14%        N/A       14%         2
 Momentum Strike          Conj/Tloc      14%        3d8       14%         2
 Summon Lightning Spire   Summ/Air       16%        N/A       28%         4


Dungeon Overview and Level Annotations

Branches:
Dungeon (2/15)

Altars:

Annotations:
D:2 Terence


Innate Abilities, Weirdness & Mutations

You have very sharp teeth.
Your uncanny sense of smell can sniff out nearby items.
Your experience applies equally to all skills.


Message History

Okay, then.
Casting: Summon Small Mammal (safe; 1% risk of failure)
Confirm with . or Enter, or press ? or * to list all spells.
Your bat disappears in a puff of smoke!
Your quokka bites Terence but does no damage.
Terence hits you with a +4 heavy flail.
* * * LOW HITPOINT WARNING * * *
Your cerulean imp hits Terence from afar with a -2 spear.
Your quokka bites Terence but does no damage.
Your cerulean imp hits Terence from afar with a -2 spear.
Your quokka bites Terence.
Casting: Summon Small Mammal (safe; 1% risk of failure)
Confirm with . or Enter, or press ? or * to list all spells.
Your quokka disappears in a puff of smoke!
Terence hits your quokka with a +4 heavy flail!
Your quokka dies!
Your quokka's corpse disappears in a puff of smoke!
Your cerulean imp hits Terence from afar with a -2 spear.
Casting: Summon Small Mammal (safe; 1% risk of failure)
Confirm with . or Enter, or press ? or * to list all spells.
Your cerulean imp closely misses Terence.
Terence hits your rat with a +4 heavy flail!
Your rat dies!
Your rat's corpse disappears in a puff of smoke!
Your bat hits Terence but does no damage. x2
Your cerulean imp barely misses Terence.
Terence shouts, "Get ready for death!"
Your cerulean imp hits Terence from afar with a -2 spear.
Your bat closely misses Terence.
Your bat barely misses Terence.
Your bat hits Terence but does no damage.
Your cerulean imp barely misses Terence.
Casting: Summon Small Mammal (safe; 1% risk of failure)
Confirm with . or Enter, or press ? or * to list all spells.
Terence closely misses you.
Your cerulean imp hits Terence but does no damage.
You hit Terence but do no damage. Your bite misses Terence.
Terence is severely wounded.
Terence hits you with a +4 heavy flail!
You die...

#.............. #..............
∆ .# #............?. .#
#.............[ .#
##............. ##.#
##5b.........# #.#. ######..#
##r###.###### #.#. ...##..##
#@# #.# ###.#. ##......### ##@#
#.# #...#. ###.......#####..#
#.# #.#.#. #
#.###.........####.#######.#.#.
# #.#
#####..............##...... #
#<# #..........###.........
###.#
####.########.............
.#..# #....# ##††........#...
.#.## #.#### #...#######.....
....# #.# ####...# ##.....


You could see Terence (ally target), a friendly cerulean imp (summoned), a
friendly quokka (summoned) and a friendly bat (summoned).

Vanquished Creatures
  An adder (D:2)
  A worm (D:2)
  3 ball pythons
  An endoplasm (D:1)
  A giant cockroach (D:1)
  4 hobgoblins
  6 jackals
  A bat (D:1)
  A frilled lizard (D:1)
  2 goblins (D:1)
  4 kobolds (D:1)
  4 rats (D:1)
29 creatures vanquished.

Vanquished Creatures (collateral kills)
  An ogre (D:2)
  An adder (D:2)
  A worm (D:2)
  2 endoplasms
  2 giant cockroaches
  3 goblins
  3 hobgoblins (D:1)
  A jackal (D:2)
  3 kobolds
  A quokka (D:1)
  3 ball pythons (D:1)
  2 bats
  2 frilled lizards (D:1)
  2 rats (D:1)
27 creatures vanquished.

Grand Total: 56 creatures vanquished

Notes
Turn   | Place    | Note
-------+----------+-------------------------------------------
     0 | D:1      | Ayyar the Gnoll Summoner began the quest for the Orb.
     0 | D:1      | Reached XP level 1. HP: 13/13 MP: 6/6
   180 | D:1      | Reached XP level 2. HP: 15/19 MP: 7/7
   420 | D:1      | Reached skill level 5 in Spellcasting
   420 | D:1      | Reached XP level 3. HP: 25/25 MP: 7/9
   643 | D:1      | Reached skill level 1 in Invocations
   890 | D:2      | Noticed an ogre
  1046 | D:2      | Reached skill level 1 in Fighting
  1046 | D:2      | Reached skill level 1 in Short Blades
  1046 | D:2      | Reached skill level 1 in Long Blades
  1046 | D:2      | Reached skill level 1 in Axes
  1046 | D:2      | Reached skill level 1 in Maces & Flails
  1046 | D:2      | Reached skill level 1 in Polearms
  1046 | D:2      | Reached skill level 1 in Staves
  1046 | D:2      | Reached skill level 1 in Ranged Weapons
  1046 | D:2      | Reached skill level 1 in Throwing
  1046 | D:2      | Reached skill level 1 in Armour
  1046 | D:2      | Reached skill level 1 in Shields
  1046 | D:2      | Reached skill level 1 in Unarmed Combat
  1046 | D:2      | Reached skill level 1 in Evocations
  1049 | D:2      | Learned a level 2 spell: Call Imp
  1142 | D:2      | Reached XP level 4. HP: 23/32 MP: 11/11
  1262 | D:2      | Reached skill level 1 in Conjurations
  1262 | D:2      | Reached skill level 1 in Hexes
  1262 | D:2      | Reached skill level 1 in Necromancy
  1262 | D:2      | Reached skill level 1 in Translocations
  1262 | D:2      | Reached skill level 1 in Transmutations
  1262 | D:2      | Reached skill level 1 in Fire Magic
  1262 | D:2      | Reached skill level 1 in Ice Magic
  1262 | D:2      | Reached skill level 1 in Air Magic
  1262 | D:2      | Reached skill level 1 in Earth Magic
  1262 | D:2      | Reached skill level 1 in Poison Magic
  1344 | D:2      | Killed an ogre
  1345 | D:2      | Reached XP level 5. HP: 37/37 MP: 6/12
  1498 | D:2      | Noticed Terence
  1522 | D:2      | Slain by Terence

Illustrated notes

Levels and vault maps discovered:
D:1:      elethiomel_arrival_infinity_welcomes_careful_drivers, layout_basic,
          item_on_display_a
D:2:      layout_rooms, st_stairs_4, kennysheep_generic_room_10, uniq_terence

Skill      XL: |  1  2  3  4 |
---------------+-------------+-----
Spellcasting   | 5 |  5.2
Invocations    | 1 |  1.8
Fighting       | 1 |  1.6
Short Blades   | 1 |  1.6
Long Blades    | 1 |  1.6
Axes           | 1 |  1.6
Maces & Flails | 1 |  1.6
Polearms       | 1 |  1.6
Staves         | 1 |  1.6
Ranged Weapons | 1 |  1.6
Throwing       | 1 |  1.6
Armour         | 1 |  1.6
Shields        | 1 |  1.6
Unarmed Combat | 1 |  1.6
Evocations     | 1 |  1.6
Conjurations   | 1 |  1.2
Hexes          | 1 |  1.2
Necromancy     | 1 |  1.2
Translocations | 1 |  1.2
Transmutations | 1 |  1.2
Fire Magic     | 1 |  1.2
Ice Magic      | 1 |  1.2
Air Magic      | 1 |  1.2
Earth Magic    | 1 |  1.2
Poison Magic   | 1 |  1.2
Dodging        | |  4.8
Stealth        | |  4.4
Summonings     | |  7.2

Action                     |  1- 3 |  4- 6 || total
---------------------------+-------+-------++-------
  Melee: Short sword       |   111 |    46 ||   157
         Unarmed           |     8 |       ||     8
         Bite              |     9 |     6 ||    15
         Punch             |       |     1 ||     1
   Cast: Summon Small Mamm |    24 |     9 ||    33
         Call Imp          |     2 |     4 ||     6
   Stab: Sleeping          |     1 |       ||     1
 Armour: Robe              |    55 |    20 ||    75
  Dodge: Dodged            |   153 |    47 ||   200
